 Dungeon Sprint DCSS version 0.26-a0-966-gd078a86f14 (webtiles) character file.

Game seed: 14017619885082238533

2422 mhtbhm the Cleaver (level 9, -13/92 HPs)
             Began as a Minotaur Monk on Dec 3, 2020.
             Was a High Priest of Okawaru.
             Killed from afar by a lindwurm (24 damage)
             ... with a blast of flame
             ... in the Dungeon (Sprint VII: "The Pits").
             The game lasted 00:02:41 (1147 turns).

mhtbhm the Cleaver (Minotaur Monk)                  Turns: 1147, Time: 00:02:41

Health: -13/92     AC: 16    Str: 20    XL:     9   Next: 24%
Magic:  8/8        EV: 12    Int:  7    God:    Okawaru [*****.]
Gold:   0          SH:  0    Dex: 12    Spells: 8/8 levels left

rFire    . . .     SeeInvis .   a - +2 war axe (vorpal)
rCold    . . .     Faith    .   (no shield)
rNeg     . . .     Spirit   .   b - +4 chain mail
rPois    .         Reflect  .   (helmet restricted)
rElec    .         Harm     .   (no cloak)
rCorr    .         Rampage  .   (no gloves)
MR       .....     NoTele   +   (no boots)
Stlth    ..........             (no amulet)
HPRegen  0.25/turn              (no ring)
MPRegen  0.11/turn              (no ring)

@: hasted, very quick
A: retaliatory headbutt, horns 2
a: Heroism, Finesse, Renounce Religion


You were in the Dungeon.
You worshipped Okawaru.
Okawaru was extremely pleased with you.
You visited 1 branch

Inventory:

Hand Weapons
 a - a +2 vorpal war axe (weapon)
Missiles
 d - 5 javelins (quivered)
Armour
 b - a +4 chain mail (worn)
Jewellery
 g - a +3 ring of intelligence
 i - a +3 ring of protection
Scrolls
 h - a scroll of blinking
 j - 3 scrolls of remove curse
 k - 5 scrolls of amnesia
 l - a scroll of summoning
Potions
 c - 10 potions of curing
 f - 4 potions of magic
 m - a potion of might
 n - 2 potions of berserk rage
 o - 2 potions of heal wounds


   Skills:
 + Level 12.7 Fighting
 + Level 14.6 Axes
 + Level 11.2 Armour
 + Level 10.3 Dodging
 - Level 4.0 Stealth


You had 8 spell levels left.
You didn't know any spells.
Your spell library was empty.

Dungeon Overview and Level Annotations

Branches:
Dungeon (1/1)

Altars:
Ashenzari
Cheibriados
Dithmenos
Elyvilon
Fedhas
Gozag
Hepliaklqana
Kikubaaqudgha
Makhleb
Nemelex Xobeh
Okawaru
Qazlal
Ru
Sif Muna
Trog
Uskayaw
Vehumet
Wu Jian
Xom
Yredelemnul
Zin
The Shining One
Beogh
Jiyva
Lugonu


Innate Abilities, Weirdness & Mutations

You reflexively headbutt those who attack you in melee.
You have a pair of horns on your head.


Message History

The lindwurm is moderately wounded.
Your chain mail prevents you from hitting the orc knight.
The lindwurm bites you but does no damage.
The lindwurm closely misses you.
The lindwurm claws you but does no damage.
The orc knight hits you with a +1 vorpal war axe!
* * * LOW HITPOINT WARNING * * *
x2 Unknown command.
You feel yourself speed up. The lindwurm barely misses you.
You furiously retaliate!
You headbutt the lindwurm, but do no damage.
The lindwurm claws you but does no damage.
The lindwurm barely misses you.
The orc knight hits you with a +1 vorpal war axe!!
* * * LOW HITPOINT WARNING * * *
x2 You feel better.
The crimson imp hits you but does no damage.
The lindwurm breathes flames at you. The blast of flame hits you!!
You die...

..# ..# ######## ..#
...##..# ..#
...##..# ..#
...''..# ..#
...''..##########o.#
...##†....†)....@k.#
...##............5.#
####################
. ##


You could see an orc knight, a lindwurm (catching breath) and a crimson imp.

Vanquished Creatures
  Urug (D)
  An orc knight (D)
  A ynoxinul (D)
  A redback (D)
  A warg (D)
  A floating eye (D)
  An orc warrior (D)
  2 centaurs (D)
  A big kobold (D)
  A bullfrog (D)
  A gnoll sergeant (D)
  A scorpion (D)
  5 killer bees (D)
  A quasit (D)
  2 hounds (D)
  An orc priest (D)
  4 gnolls (D)
  A leopard gecko (D)
  3 orcs (D)
  A bat (D)
  3 hobgoblins (D)
  2 quokkas (D)
  2 goblins (D)
  A rat (D)
39 creatures vanquished.

Notes
Turn   | Place    | Note
-------+----------+-------------------------------------------
     0 | D        | mhtbhm the Minotaur Monk began the quest for the Orb.
     0 | D        | Reached XP level 1. HP: 19/19 MP: 0/0
    10 | D        | Noticed an orc wizard
    24 | D        | Reached skill level 4 in Axes
    28 | D        | Found a bloodstained altar of Trog.
    28 | D        | Found a shimmering blue altar of Sif Muna.
    28 | D        | Found a viscous altar of Jiyva.
    28 | D        | Found a hazy altar of Hepliaklqana.
    28 | D        | Found an opulent altar of Gozag.
    29 | D        | Found a glowing golden altar of the Shining One.
    29 | D        | Found a glowing silver altar of Zin.
    29 | D        | Found a basalt altar of Yredelemnul.
    29 | D        | Found a shimmering altar of Xom.
    29 | D        | Found an ornate altar of the Wu Jian Council.
    29 | D        | Found a sacrificial altar of Ru.
    29 | D        | Found a stormy altar of Qazlal.
    29 | D        | Found an iron altar of Okawaru.
    29 | D        | Found a sparkling altar of Nemelex Xobeh.
    29 | D        | Found a burning altar of Makhleb.
    29 | D        | Found a blossoming altar of Fedhas.
    29 | D        | Found a white marble altar of Elyvilon.
    29 | D        | Found a shadowy altar of Dithmenos.
    29 | D        | Found a snail-covered altar of Cheibriados.
    31 | D        | Found a radiant altar of Vehumet.
    31 | D        | Found a corrupted altar of Lugonu.
    31 | D        | Found a roughly hewn altar of Beogh.
    32 | D        | Found a hide-covered altar of Uskayaw.
    32 | D        | Found an ancient bone altar of Kikubaaqudgha.
    32 | D        | Found a broken altar of Ashenzari.
    37 | D        | Became a worshipper of Warmaster Okawaru
    37 | D        | Reached * piety under Okawaru
    37 | D        | Reached ** piety under Okawaru
    95 | D        | Reached XP level 2. HP: 21/28 MP: 1/1
   169 | D        | Noticed a scorpion
   172 | D        | Killed a scorpion
   173 | D        | Reached skill level 6 in Axes
   173 | D        | Reached skill level 5 in Dodging
   173 | D        | Reached XP level 3. HP: 36/37 MP: 2/2
   245 | D        | Noticed a gnoll sergeant
   245 | D        | Noticed a bullfrog
   245 | D        | Noticed a floating eye
   246 | D        | Noticed a centaur
   255 | D        | Paralysed by a floating eye for 4 turns
   261 | D        | Reached skill level 7 in Axes
   261 | D        | Reached XP level 4. HP: 36/45 MP: 3/3
   263 | D        | Paralysed by a floating eye for 3 turns
   270 | D        | Killed a bullfrog
   270 | D        | Reached *** piety under Okawaru
   270 | D        | Paralysed by a floating eye for 2 turns
   271 | D        | Reached skill level 8 in Axes
   271 | D        | Reached XP level 5. HP: 53/53 MP: 4/4
   274 | D        | Killed a centaur
   275 | D        | Reached skill level 9 in Axes
   282 | D        | Reached XP level 6. HP: 62/62 MP: 5/5
   289 | D        | Paralysed by a floating eye for 2 turns
   294 | D        | Reached skill level 10 in Axes
   294 | D        | Paralysed by a floating eye for 3 turns
   298 | D        | Killed a floating eye
   299 | D        | Reached skill level 5 in Armour
   335 | D        | Reached skill level 11 in Axes
   335 | D        | Reached XP level 7. HP: 34/71 MP: 6/6
   511 | D        | Noticed an orc knight
   539 | D        | Killed an orc knight
   539 | D        | Reached **** piety under Okawaru
   540 | D        | Reached skill level 10 in Fighting
   540 | D        | Reached skill level 12 in Axes
   553 | D        | Reached XP level 8. HP: 38/82 MP: 7/7
   739 | D        | Noticed Urug
   759 | D        | Killed Urug
   759 | D        | Reached ***** piety under Okawaru
   760 | D        | Reached skill level 13 in Axes
   760 | D        | Reached skill level 10 in Armour
   760 | D        | Reached skill level 10 in Dodging
   924 | D        | Reached skill level 14 in Axes
   924 | D        | Reached XP level 9. HP: 76/91 MP: 8/8
  1131 | D        | Noticed a lindwurm
  1131 | D        | Noticed an orc knight
  1146 | D        | HP: 1/92 [orc knight/+1 vorpal war axe (4)]
  1147 | D        | Killed from afar by a lindwurm

Illustrated notes

Levels and vault maps discovered:
D:        pitsprint [storerooms_1, entrance_room_1, metal_vault_5, armoury_3,
          mini_pit_1, grid_room_1, main_hall_1, silver_pit, the_coven_1,
          the_vestibule_1, steel_vault_2, golden_pit, hallway_of_sentries,
          crystal_vault_2, iron_vault_4, final_vault]

Skill      XL: |  1  2  3  4  5  6  7  8  9 |
---------------+----------------------------+-----
Fighting       | 4 6 7 8 9 11 12 | 12.7
Axes           | 4 6 7 8 9 11 12 14 | 14.6
Dodging        | 4 5 6 8 9 10 | 10.3
Stealth        | 2 3 4 |  4.0
Armour         | 2 4 6 8 10 11 | 11.2

Action                   |  1- 3 |  4- 6 |  7- 9 || total
-------------------------+-------+-------+-------++-------
Melee: Hand axe          |    27 |    34 |    45 ||   106
       Headbutt          |     2 |     6 |    11 ||    19
       War axe           |       |       |    31 ||    31
  Use: Potion            |       |     2 |    11 ||    13
 Stab: Invisible         |       |       |     4 ||     4
Armor: Robe              |     3 |       |       ||     3
       Scale mail        |     2 |    18 |     6 ||    26
       Chain mail        |       |       |    25 ||    25
Dodge: Dodged            |    21 |    22 |    48 ||    91

Table legend: (Time is in decaauts)
 A = Elapsed time spent in this place.
 B = Non-inter-level travel time spent in this place.
 C = Inter-level travel time spent in this place.
 D = Time resting spent in this place.
 E = Time spent auto-exploring this place.
 F = Levels seen in this place.
 G = Mean time per level.
                   A        B        C        D        E       F      G
               +--------+--------+--------+--------+--------+-----+--------+
         Total |   1147 |   1147 |      0 |    623 |     39 |   1 | 1147.0 |
       Dungeon |   1147 |   1147 |      0 |    623 |     39 |   1 | 1147.0 |
               +--------+--------+--------+--------+--------+-----+--------+

Top non-repeatable levels by time:
       D: 1147 daAuts
